 Dungeon Crawl Stone Soup version 0.25.1-2-g60ff931df9 (webtiles) character file.

Game seed: 11502067955505778122

240 lepoulpe303 the Skirmisher (level 5, -1/47 HPs)
             Began as a Draconian Fighter on Oct 13, 2020.
             Slain by an orc
             ... wielding a +0 trident
              (4 damage)
             ... on level 3 of the Dungeon.
             The game lasted 00:07:33 (2394 turns).

lepoulpe303 the Skirmisher (Draconian Fighter)      Turns: 2394, Time: 00:07:33

Health: -1/47      AC:  5    Str: 20    XL:     5   Next: 80%
Magic:  5/5        EV: 11    Int:  8    God:
Gold:   146        SH:  0    Dex: 10    Spells: 4/4 levels left

rFire    . . .     SeeInvis .   a - +0 long sword
rCold    . . .     Gourm    .   k - +0 kite shield
rNeg     . . .     Faith    .   (armour unavailable)
rPois    .         Spirit   .   (helmet restricted)
rElec    .         Reflect  .   (no cloak)
rCorr    .         Harm     .   (no gloves)
MR       .....                  (no boots)
Stlth    +.........             (no amulet)
HPRegen  0.15/turn              (no ring)
MPRegen  0.09/turn              (no ring)

@: confused
A: unfitting armour, cold-blooded, AC +5
a: no special abilities


You were on level 3 of the Dungeon.
You were hungry.

You visited 1 branch of the dungeon, and saw 3 of its levels.

You collected 146 gold pieces.

Inventory:

Hand Weapons
 a - a +0 long sword (weapon)
 b - a +0 hunting sling
Missiles
 o - a throwing net {=f}
 u - 16 sling bullets
 Q - 49 stones (quivered)
Armour
 k - a +0 kite shield (worn)
Jewellery
 s - a cursed -4 ring of evasion {unknown}
Scrolls
 c - a scroll of immolation {unknown}
 j - 2 scrolls of fog {unknown}
 n - 3 scrolls of remove curse {unknown}
 p - a scroll of enchant weapon {unknown}
 q - 2 scrolls of identify {unknown}
 r - a scroll of fear {unknown}
 t - a scroll of magic mapping {unknown}
Potions
 d - a potion of might
 f - a potion of magic {unknown}
 h - 2 potions of resistance {unknown}
 i - a potion of mutation {unknown}
 l - 2 potions of haste {unknown}
 m - a potion of cancellation {unknown}
 v - 2 potions of degeneration {unknown}
Comestibles
 e - 11 rations
 g - 9 chunks of flesh


   Skills:
 + Level 4.5 Fighting
 + Level 3.4 Long Blades
 + Level 1.0 Slings
 + Level 3.6 Dodging
 + Level 4.1 Shields


You had 4 spell levels left.
You didn't know any spells.
Your spell library was empty.

Dungeon Overview and Level Annotations

Branches:
Dungeon (3/15)

Altars:


Innate Abilities, Weirdness & Mutations

Your plain brown scales are hard. (AC +5)
You cannot fit into any form of body armour.
You are cold-blooded and may be slowed by cold attacks.


Message History

Something tries to affect you, but you resist.
The orc barely misses you.
You barely miss something.
You hear some strange, mumbled words.
You are confused.
The orc closely misses you.
You hear some strange, mumbled words.
A magic dart appears from out of thin air!
The magic dart hits you.
* * * LOW HITPOINT WARNING * * *
You take 4 damage, and have 11/47 hp.
You're too confused to move!
The orc hits you from afar with a +0 trident!
* * * LOW HITPOINT WARNING * * *
You hear some strange, mumbled words.
Something tries to affect you, but you resist.
You take 8 damage, and have 3/47 hp.
You're too confused to move!
The orc hits you from afar with a +0 trident.
You die...

#####..#.####
#......#.....
#.###....#
#.....#..#
####..#..#######
#..##>.....?#
#(....o.###.#
#.###)#{#
#+#..(#@#
...%(#.#
...$..(#.#
.......#.#
.........#
.......###


You could see an orc.

Levels and vault maps discovered:
D:1:      onia_arrival_pentagram, layout_basic
D:2:      minmay_angry_zag, layout_rooms, chequers_ecumenical_altar_simple,
          st_stairs_1, uniq_natasha, uniq_jessica
D:3:      layout_basic, first_ration

Notes
Turn   | Place    | Note
-------+----------+-------------------------------------------
     0 | D:1      | lepoulpe303 the Draconian Fighter began the quest for the
                  | Orb.
     0 | D:1      | Reached XP level 1. HP: 19/19 MP: 1/1
    53 | D:1      | Identified a +0 club
    58 | D:1      | Identified a +0 whip
   188 | D:1      | Identified a +0 club
   189 | D:1      | Identified a +0 club
   195 | D:1      | Reached XP level 2. HP: 22/26 MP: 2/2
   273 | D:1      | Identified a +0 dagger
   293 | D:1      | Identified a +0 club
   499 | D:1      | Identified a +2 vampiric dagger
   667 | D:2      | Identified a +0 hunting sling (You found it on level 1 of
                  | the Dungeon)
   671 | D:2      | Identified a +0 long sword
   678 | D:2      | Reached skill level 3 in Dodging
   769 | D:2      | Reached XP level 3. HP: 28/33 MP: 3/3
   846 | D:2      | Identified a +0 short sword
   924 | D:2      | Identified a +0 dagger
   924 | D:2      | Identified a +0 robe
   924 | D:2      | Noticed Jessica
   946 | D:2      | Killed Jessica
   946 | D:2      | Reached skill level 4 in Fighting
   946 | D:2      | Reached XP level 4. HP: 23/40 MP: 4/4
  1131 | D:2      | Identified a +0 club
  1131 | D:2      | Identified a +0 dagger
  1131 | D:2      | Identified a +0 whip
  1145 | D:2      | Noticed Natasha
  1153 | D:2      | Killed Natasha
  1292 | D:2      | Identified a cursed -3 club
  1298 | D:2      | Identified a +0 spear
  1300 | D:2      | Identified a cursed -1 club
  1301 | D:2      | Reached skill level 3 in Long Blades
  1301 | D:2      | Identified a +0 whip
  1301 | D:2      | Identified a +0 hunting sling
  1314 | D:2      | HP: 9/40 [gnoll/cursed -1 club (7)]
  1366 | D:1      | HP: 5/40 [gnoll/cursed -1 club (8)]
  1399 | D:2      | Found a faded altar of an unknown god.
  1481 | D:1      | HP: 10/40 [gnoll/cursed -1 club (1)]
  1485 | D:1      | Reached XP level 5. HP: 11/46 MP: 5/5
  1995 | D:2      | Reached skill level 4 in Shields
  2043 | D:2      | Identified a +0 dagger
  2114 | D:3      | Identified a cursed -2 short sword
  2204 | D:3      | Identified a +0 club
  2244 | D:3      | Identified a +0 whip
  2364 | D:3      | Identified a +0 dagger
  2364 | D:3      | Identified a +0 robe
  2365 | D:3      | Identified a +0 club
  2365 | D:3      | Identified a +0 ring mail
  2366 | D:3      | Identified a +0 trident
  2366 | D:3      | Identified a +0 leather armour
  2368 | D:3      | Identified a +0 flail
  2379 | D:3      | Reached skill level 1 in Slings
  2392 | D:3      | HP: 11/47 [something/magic dart (4)]
  2393 | D:3      | HP: 3/47 [orc/+0 trident (9)]
  2394 | D:3      | Slain by an orc

Table legend:
 A = Turns spent in this place as a percentage of turns spent in the entire game.
 B = Non-inter-level travel turns spent in this place as a percentage of non-inter-level travel turns spent in the entire game.
 C = Inter-level travel turns spent in this place as a percentage of turns spent in this place.
 D = Turns resting spent in this place as a percentage of non-inter-level travel turns spent in this place.
 E = Turns spent auto-exploring this place as a percentage of non-inter-level travel turns spent in this place.
 F = Non-inter-level travel turns spent in this place divided by the number of levels of this place that you've seen.
                   A       B       C       D       E      F
               +-------+-------+-------+-------+-------+----------------------
         Total | 100.0 | 100.0 |   2.3 |  25.7 |  50.5 | 779.7
       Dungeon | 100.0 | 100.0 |   2.3 |  25.7 |  50.5 | 779.7
               +-------+-------+-------+-------+-------+----------------------

Table legend:
 A = Kills in this place as a percentage of kills in entire the game.
 B = Kills by you in this place as a percentage of kills by you in the entire game.
 C = Kills by friends in this place as a percentage of kills by friends in the entire game.
 D = Other kills in this place as a percentage of other kills in the entire game.
 E = Experience gained in this place as a percentage of experience gained in the entire game.
 F = Experience gained in this place divided by the number of levels of this place that you have seen.
                   A       B       C       D       E      F
               +-------+-------+-------+-------+-------+----------------------
         Total | 100.0 | 100.0 |   N/A |   N/A | 100.0 | 114.7
       Dungeon | 100.0 | 100.0 |   N/A |   N/A | 100.0 | 114.7
               +-------+-------+-------+-------+-------+----------------------

Skill      XL: |  1  2  3  4  5 |
---------------+----------------+-----
Dodging        | 3 |  3.6
Fighting       | 4 |  4.5
Long Blades    | 3 |  3.4
Shields        | 4 |  4.1
Slings         | 1 |  1.0

Action                   |  1- 3 |  4- 6 || total
-------------------------+-------+-------++-------
Melee: Long sword        |    65 |    89 ||   154
       Tailslap          |     6 |    19 ||    25
 Fire: Hunting sling     |    20 |    47 ||    67
  Eat: Chunk             |       |     1 ||     1
       Ration            |       |     1 ||     1
Armor: Skin              |     9 |    32 ||    41
Dodge: Dodged            |    28 |    57 ||    85
Block: Kite shield       |    31 |    66 ||    97
       Rpst.: Long sword |    10 |    11 ||    21

Vanquished Creatures
  A hound (D:2)
  An orc priest (D:3)
  Jessica (D:2)
  Natasha (D:2)
  4 gnolls
  3 adders
  An ooze (D:2)
  3 worms
  A dart slug (D:2)
  An orc (D:3)
  3 ball pythons
  2 giant cockroaches
  6 goblins
  4 hobgoblins
  10 kobolds
  7 bats
  6 frilled lizards
  7 rats
62 creatures vanquished.
